 Dungeon Crawl Stone Soup version 0.29.0-13-gc9e81de378 (webtiles) character file.

Game seed: 3780401813818882270

339 SnakkuSnakku7 the Trooper (level 6, -2/50 HPs)
             Began as a Djinni Hunter on Sept 10, 2022.
             Slain by an ogre
             ... wielding a +0 giant spiked club
              (18 damage)
             ... on level 4 of the Dungeon.
             The game lasted 00:04:19 (3175 turns).

SnakkuSnakku7 the Trooper (Djinni Hunter)           Turns: 3175, Time: 00:04:20

Health: -2/50      AC:  3    Str: 10    XL:     6   Next: 86%
Gold:   225        EV: 12    Int: 10    God:
                   SH:  0    Dex: 19

rFire   + + .      SeeInvis .   a - +1 shortbow
rCold   x . .      Faith    .   (shield currently unavailable)
rNeg    . . .      Spirit   .   c - +0 leather armour
rPois   ∞          Reflect  .   (no helmet)
rElec   .          Harm     .   (no cloak)
rCorr   .          Rampage  .   (no gloves)
Will    .....                   (boots unavailable)
Stlth   ++........              (no amulet)
HPRegen 0.16/turn               (no ring)
MPRegen 0.00/turn               (no ring)

@: flying
A: sickness immunity, fire resistance 2, cold vulnerability 1, float, innate
caster, HP casting, extra vitality 1
a: no special abilities


You were on level 4 of the Dungeon.
You visited 1 branch of the dungeon, and saw 4 of its levels.

You collected 225 gold pieces.

Inventory:

Hand Weapons
 a - a +1 shortbow (weapon)
Armour
 c - a +0 leather armour (worn)
Wands
 o - a wand of acid (10)
Scrolls
 b - a scroll of immolation
 e - a scroll of acquirement {unknown}
 g - a scroll of magic mapping {unknown}
 i - a scroll of teleportation {unknown}
 j - a scroll of enchant armour {unknown}
 k - a scroll of enchant weapon
 l - a scroll of amnesia {unknown}
 m - a scroll of fear {unknown}
 n - a scroll of identify {unknown}
Potions
 d - 4 potions of mutation {unknown}
 f - 2 potions of curing {unknown}
 h - 2 potions of haste {unknown}
 p - 2 potions of attraction {unknown}
 q - a potion of might {unknown}


   Skills:
 + Level 5.8 Fighting
 - Level 4.3 Ranged Weapons
 - Level 2.1 Dodging
 - Level 0.7 Stealth


You had 2 spell levels left.
You knew the following spells:

 Your Spells              Type           Power      Damage    Failure   Level
a - Freeze                Ice            0%         1d3       45%         1
b - Passwall              Tmut/Erth      0%         N/A       61%         2
Your spell library was empty.

Dungeon Overview and Level Annotations

Branches:
Dungeon (4/15)
 Temple: D:4-7

Altars:

Shops:
D:1 (   D:3 !(


Innate Abilities, Weirdness & Mutations

You are immune to sickness and miasma.
You are immune to poison.
Your flesh is very heat resistant. (rF++)
You are vulnerable to cold. (rC-)
You float through the air rather than walking.
You learn spells naturally, not from books.
Your magical power is your life essence.
You have superior vitality. (+4 MHP)


Message History

No target in view!
No target in view!
p - 2 green potions (gained 1)
An endoplasm comes into view.
An endoplasm is nearby!
You shoot an arrow. The arrow hits the endoplasm.
The endoplasm quivers.
The endoplasm is almost dead.
You shoot an arrow. The arrow hits the endoplasm.
You kill the endoplasm!
No target in view!
No target in view!
No target in view!
A ball python comes into view.
The ball python hisses angrily.
A ball python is nearby!
You shoot an arrow.
The arrow closely misses the ball python.
You hear a shout!
You shoot an arrow. The arrow hits the ball python.
You kill the ball python!
No target in view!
No target in view!
No target in view!
An ogre comes into view. It is wielding a +0 giant spiked club.
Found a hand axe.
An ogre is nearby!
Unknown command.
As you read the scroll labelled HECASK DILEDUFU, it crumbles to dust.
It is a scroll of enchant weapon.
Your +0 shortbow glows red for a moment.
The ogre completely misses you.
Okay, then.
The ogre attacks as you move away!
The ogre hits you with a +0 giant spiked club!!
Ouch! That really hurt!
* * * LOW HITPOINT WARNING * * *
The ogre attacks as you move away!
The ogre hits you with a +0 giant spiked club!!
You die...

.............#...
......#.....#........ .....
##...##........ ..... ...
.....#........ .... # ..
............#... ... ... #.###..
.......#..###.. ..#
...##.....###.....###.....# ..#
..#.......#..###..#....... ..#
.........@....#...........
..######.##.....#O).......#.....#
.......#.###...##.........##...##
.......#.##.....#.........#.....#
.......#.............#...........
.....###.#.......#..###..#.......
#.#..###.##.....###.....###.....#
#.#......#..###..#.......#..###..
#............#...............#...


You could see an ogre.

Vanquished Creatures
  A phantom (D:3)
  A scorpion (D:4)
  A jelly (D:3)
  2 iguanas (D:4)
  3 adders
  A worm (D:2)
  2 dart slugs (D:3)
  7 orcs
  6 bats
  8 endoplasms
  8 giant cockroaches
  7 goblins
  5 hobgoblins
  2 jackals (D:1)
  8 kobolds
  3 quokkas
  9 ball pythons
  4 frilled lizards
  5 rats
83 creatures vanquished.

Notes
Turn   | Place    | Note
-------+----------+-------------------------------------------
     0 | D:1      | SnakkuSnakku7 the Djinni Hunter began the quest for the
                  | Orb.
     0 | D:1      | Reached XP level 1. HP: 18/18 MP: 0/0
    46 | D:1      | Reached XP level 2. HP: 22/23 MP: 0/0
   291 | D:1      | Reached XP level 3. HP: 28/28 MP: 0/0
   291 | D:1      | Learned a level 1 spell: Freeze
   510 | D:1      | Found Xiqerinougei's Antique Weapon Shop.
   815 | D:1      | Found a faded altar of an unknown god.
  1243 | D:2      | Reached XP level 4. HP: 34/34 MP: 0/0
  1750 | D:3      | Noticed a phantom
  1855 | D:3      | Found Efian's Weapon Shop.
  1898 | D:3      | Reached skill level 3 in Fighting
  1942 | D:3      | Killed a phantom
  1943 | D:3      | Reached skill level 4 in Fighting
  1943 | D:3      | Reached XP level 5. HP: 18/41 MP: 0/0
  1943 | D:3      | Learned a level 2 spell: Passwall
  2149 | D:3      | Found Ytiomylin's Distillery.
  2210 | D:3      | Reached XP level 6. HP: 48/48 MP: 0/0
  2467 | D:4      | Reached skill level 5 in Fighting
  3150 | D:4      | Noticed an ogre
  3175 | D:4      | Slain by an ogre

Illustrated notes

Levels and vault maps discovered:
D:1:      dpeg_arrival_subterranean_lakeside_camping, layout_loops_ring,
          serial_shops, shop, ebering_ecumenical_altar_abandoned
D:2:      layout_loops_ring, hangedman_decor_opposing,
          hangedman_abyss_or_decor_lesser_grid
D:3:      layout_basic, serial_shops, nicolae_shop_hallway_stairs, shop
D:4:      nicolae_cairo_tiling_large_dashed, layout_basic,
          minmay_temple_entry_statues_pillars, corexii_corridor_pit

Skill      XL: |  1  2  3  4  5  6 |
---------------+-------------------+-----
Ranged Weapons | 4 |  4.3
Fighting       | 4 5 |  5.8
Dodging        | |  2.1
Stealth        | |  0.7

Action                   |  1- 3 |  4- 6 || total
-------------------------+-------+-------++-------
 Fire: Shortbow          |   113 |   148 ||   261
  Use: Scroll            |       |     1 ||     1
Armor: Leather armour    |    34 |    19 ||    53
Dodge: Dodged            |    59 |    54 ||   113
